[Event "ICC tourney 2156 (40 10)"]
[Site "Internet Chess Club"]
[Date "2020.11.22"]
[Round "2"]
[White "Randomdude21"]
[Black "SanthoshA"]
[Result "0-1"]
[ICCResult "White checkmated"]
[WhiteElo "1739"]
[BlackElo "1554"]
[Opening "Scotch gambit"]
[ECO "C44"]
[NIC "SO.06"]
[Time "13:17:55"]
[TimeControl "2400+10"]

1. e4 e5 2. Nf3 Nc6 3. d4 exd4 4. Bc4 Bc5 5. c3 Nf6 6. O-O Nxe4 7. cxd4 Be7
8. Re1 d5 9. Bd3 f5 10. Nc3 O-O 11. Qe2 Be6 12. Bf4 a6 13. Rac1 g5 14. Be5
Nxe5 15. Nxe5 Bf6 16. f3 Nxc3 17. Rxc3 Qd6 18. g4 fxg4 19. fxg4 Rae8 20. Qc2
Re7 21. h3 Qb6 22. Rc5 Qb4 23. Qc3 Qxc3 24. Rxc3 Rfe8 25. Bc2 Bf7 26. Rce3
c5 27. Rf3 Bxe5 28. dxe5 Rxe5 29. Bxh7+ Kg7 30. Ref1 R8e7 31. Bc2 Re2 32.
Bb1 Be6 33. Rf6 Rf7 34. Rg6+ Kf8 35. Rxf7+ Kxf7 36. Rh6 Re1+ 37. Kf2 Rxb1
38. Rh7+ Kg6 39. Rxb7 Kf6 40. Ke3 Rh1 41. Kf3 Rxh3+ 42. Kg2 Rh4 43. Rb6
Rxg4+ 44. Kf3 Ra4 45. a3 c4 46. Rb8 c3 47. bxc3 Rxa3 48. Ke2 Rxc3 49. Ra8 d4
50. Rxa6 Ke5 51. Ra5+ Bd5 52. Kd2 g4 53. Ra1 Rf3 54. Re1+ Kf4 55. Rg1 g3 56.
Ke2 Bc4+ 57. Kd2 Rf2+ 58. Ke1 d3 59. Kd1 Kf3 60. Ke1 d2+ 61. Kd1 Bb3#
{White checkmated}
0-1

[Event "ICC tourney 2156 (40 10)"]
[Site "Internet Chess Club"]
[Date "2020.11.22"]
[Round "2"]
[White "Ananya22609"]
[Black "chessKingR"]
[Result "0-1"]
[ICCResult "White checkmated"]
[WhiteElo "1586"]
[BlackElo "1826"]
[Opening "Sicilian: Alapin's variation (2.c3)"]
[ECO "B22"]
[NIC "SI.46"]
[Time "13:17:54"]
[TimeControl "2400+10"]

1. e4 c5 2. c3 d5 3. exd5 Qxd5 4. d4 Nf6 5. Nf3 Nc6 6. Be2 e6 7. O-O Be7 8.
Be3 b6 9. h3 O-O 10. Qd2 Bb7 11. Rd1 cxd4 12. cxd4 Ne4 13. Qc1 Rac8 14. Nc3
Nxc3 15. bxc3 Rfd8 16. Qd2 Bf6 17. Rac1 Ne7 18. Ne1 Qd7 19. Bf3 Nd5 20. Nd3
Qc7 21. Bxd5 Bxd5 22. a3 Qb7 23. f3 Bc4 24. Nb2 Bb3 25. Re1 e5 26. Qf2 Qa6
27. dxe5 Bxe5 28. Bd4 Bxd4 29. cxd4 Rxc1 30. Rxc1 Qxa3 31. Nd3 Be6 32. Qh4
Re8 33. Qe4 Bd7 34. Qb7 Qxd3 35. Qxd7 Qe3+ 36. Kh2 Qf4+ 37. g3 Re2+ 38. Kg1
Qxc1# {White checkmated} 0-1

[Event "ICC tourney 2156 (40 10)"]
[Site "Internet Chess Club"]
[Date "2020.11.22"]
[Round "2"]
[White "Sahabangs"]
[Black "KnightHopper"]
[Result "1/2-1/2"]
[ICCResult "Game drawn by mutual agreement"]
[WhiteElo "1826"]
[BlackElo "2015"]
[Opening "Sicilian: dragon, classical, Richter variation"]
[ECO "B73"]
[NIC "SI.16"]
[Time "13:18:27"]
[TimeControl "2400+10"]

1. e4 c5 2. Nf3 d6 3. d4 cxd4 4. Nxd4 Nf6 5. Nc3 g6 6. Be3 Bg7 7. Be2 Nc6 8.
O-O O-O 9. Qd2 d5 10. exd5 Nxd5 11. Nxd5 Nxd4 12. Bc4 Nf5 13. Rfd1 Be6 14.
Qb4 Nd6 15. Nxe7+ Qxe7 16. Bxe6 fxe6 17. Qxd6 Qxd6 18. Rxd6 Bxb2 19. Rb1
Rfd8 20. Rxe6 Rac8 21. g3 Rxc2 22. Bxa7 Rdd2 23. Be3 Rd7 24. Rb6 Bd4 25.
Bxd4 Rxd4 26. Rxb7 Rdd2 27. Ra7 Rxf2 28. Rb8+ Rf8 29. Rbb7 Rff2 30. Rb8+ Rf8
31. Rxf8+ Kxf8 32. a4 Ra2 33. a5 Kg8 34. a6 {Game drawn by mutual agreement}
1/2-1/2

[Event "ICC tourney 2156 (40 10)"]
[Site "Internet Chess Club"]
[Date "2020.11.22"]
[Round "2"]
[White "SupaHotFiya"]
[Black "fascimate"]
[Result "1-0"]
[ICCResult "Black checkmated"]
[WhiteElo "1999"]
[BlackElo "1667"]
[Opening "Sicilian: Canal-Sokolsky (Nimzovich-Rossolimo, Moscow) attack"]
[ECO "B51"]
[NIC "SI.01"]
[Time "13:17:58"]
[TimeControl "2400+10"]

1. e4 c5 2. Nf3 d6 3. Bb5+ Nd7 4. d4 cxd4 5. Qxd4 a6 6. Bxd7+ Bxd7 7. c4 Rc8
8. Nc3 Qc7 9. b3 b5 10. Nd5 Qc6 11. Nd2 e6 12. Ne3 Be7 13. Rb1 Bf6 14. Qd3
Be7 15. Bb2 Nf6 16. O-O O-O 17. Rfc1 Qb7 18. f4 Bc6 19. e5 dxe5 20. Bxe5 Ne4
21. cxb5 axb5 22. Rxc6 Rxc6 23. Qxe4 Rd8 24. Nef1 Bc5+ 25. Kh1 Ba7 26. h4
Qc8 27. Nf3 h6 28. Ng3 g6 29. h5 f5 30. Qb4 Rc1+ 31. Rxc1 Qxc1+ 32. Kh2 gxh5
33. Qe7 Rd1 34. Qg7# {Black checkmated} 1-0

[Event "ICC tourney 2156 (40 10)"]
[Site "Internet Chess Club"]
[Date "2020.11.22"]
[Round "2"]
[White "che8642"]
[Black "KittiesRock18"]
[Result "0-1"]
[ICCResult "White resigns"]
[WhiteElo "1512"]
[BlackElo "1823"]
[Opening "Queen's pawn: Chigorin variation"]
[ECO "D00"]
[NIC "QP.08"]
[Time "13:18:10"]
[TimeControl "2400+10"]

1. d4 d5 2. Nc3 Nf6 3. Bf4 e6 4. a3 Bd6 5. Bg3 O-O 6. e3 c5 7. Nf3 cxd4 8.
exd4 Bxg3 9. hxg3 Nc6 10. Bd3 Qb6 11. Na4 Qc7 12. Qe2 Bd7 13. Ne5 Nxd4 14.
Bxh7+ Nxh7 15. Qh5 Qxc2 16. Nxd7 Qd3 17. Rc1 Qe4+ 18. Kd1 Qd3+ 19. Ke1 Rfc8
20. Ndc5 Nc2+ 21. Rxc2 Qxc2 22. Qd1 Qxd1+ 23. Kxd1 b5 24. Nb3 bxa4 25. Nd2
Nf6 26. f3 Nd7 27. Ke2 Rab8 28. Rh4 Nc5 29. Rd4 Rxb2 30. Ke1 Ra2 31. Kd1
Rxa3 32. Rb4 Re3 33. Nb1 Nb3 {White resigns} 0-1

[Event "ICC tourney 2156 (40 10)"]
[Site "Internet Chess Club"]
[Date "2020.11.22"]
[Round "2"]
[White "jxfan1"]
[Black "orwind"]
[Result "0-1"]
[ICCResult "White checkmated"]
[WhiteElo "1320"]
[BlackElo "1623"]
[Opening "Sicilian defense"]
[ECO "B44"]
[NIC "SI.39"]
[Time "13:17:53"]
[TimeControl "2400+10"]

1. e4 c5 2. Nf3 e6 3. d4 cxd4 4. Nxd4 Nc6 5. Nxc6 bxc6 6. Nc3 Nf6 7. Bg5 Be7
8. Bxf6 Bxf6 9. Qd2 O-O 10. Bd3 d5 11. exd5 cxd5 12. O-O Bb7 13. Ne2 Qc7 14.
c3 Qc6 15. f3 e5 16. Ng3 h6 17. Rae1 Rfe8 18. Qe2 a6 19. Qd2 Rad8 20. Qc2
Re7 21. Rf2 Rde8 22. Rfe2 Bh4 23. Nf5 Bxe1 24. Nxe7+ Rxe7 25. Rxe1 e4 26.
fxe4 dxe4 27. Be2 Qb6+ 28. Kh1 Re6 29. Bg4 Rf6 30. h3 Rf2 31. Qa4 Bc6 32.
Qd4 Qxd4 33. cxd4 Rxb2 34. Rc1 Bb7 35. Rc7 e3 36. Re7 Bc6 37. Rxe3 Rxg2 38.
Bf3 Bxf3 39. Rxf3 Rxa2 40. Rd3 Kf8 41. d5 Ke7 42. d6+ Kd7 43. Kg1 Ra5 44.
Kf2 Rf5+ 45. Kg3 Rf6 46. Rb3 Rxd6 47. Rb7+ Ke6 48. Kf4 g5+ 49. Ke4 f5+ 50.
Kf3 Rd3+ 51. Kg2 Ke5 52. Re7+ Kf6 53. Ra7 Ra3 54. Ra8 a5 55. Ra6+ Kg7 56.
Kh2 a4 57. Kg2 Ra2+ 58. Kg3 a3 59. h4 Ra1 60. hxg5 hxg5 61. Kg2 a2 62. Ra7+
Kg6 63. Ra5 g4 64. Ra6+ Kg5 65. Ra5 g3 66. Ra4 f4 67. Ra5+ Kg4 68. Ra4 Kf5
69. Ra5+ Ke4 70. Ra4+ Ke3 71. Ra3+ Ke2 72. Ra8 f3+ 73. Kxg3 Rg1+ 74. Kf4
a1=Q 75. Re8+ Kf2 76. Kf5 Qa5+ 77. Kf6 Qb6+ 78. Kf7 Qg6+ 79. Ke7 Re1+ 80.
Kd7 Qxe8+ 81. Kc7 Rc1+ 82. Kd6 Rc6+ 83. Kd5 Qe6+ 84. Kd4 Rc4+ 85. Kd3 Qe4+
86. Kd2 Rc2+ 87. Kd1 Qe2# {White checkmated} 0-1

[Event "ICC tourney 2156 (40 10)"]
[Site "Internet Chess Club"]
[Date "2020.11.22"]
[Round "2"]
[White "crazyhorse9"]
[Black "TheDude865"]
[Result "1-0"]
[ICCResult "Black resigns"]
[WhiteElo "1455"]
[BlackElo "1469"]
[Opening "Giuoco Piano: Anderssen variation"]
[ECO "C54"]
[NIC "IG.02"]
[Time "13:17:55"]
[TimeControl "2400+10"]

1. e4 e5 2. Nf3 Nc6 3. Bc4 Bc5 4. c3 Nf6 5. d4 exd4 6. e5 d5 7. Bb5 Ne4 8.
cxd4 Bb4+ 9. Bd2 Bxd2+ 10. Nbxd2 Nxd2 11. Bxc6+ bxc6 12. Nxd2 Qe7 13. Nb3
Qb4+ 14. Qd2 Qxd2+ 15. Kxd2 Rb8 16. Rac1 Bd7 17. Rc5 Rb5 18. Rxb5 cxb5 19.
Nc5 Ke7 20. Rc1 Rc8 21. Na6 c6 22. Kc3 Ke6 23. Kd3 g5 24. Ke3 h5 25. Rc3 Kf5
26. Nc5 Be8 27. Nb7 Ke6 28. Nd6 Rb8 29. Nxe8 Rxe8 30. Rxc6+ Ke7 31. Rc5 Rd8
32. Rxb5 Rd7 33. Rb8 f6 34. f4 fxe5 35. fxe5 Ke6 36. Rf8 Rb7 37. b3 Rg7 38.
Rf6+ Ke7 39. Rd6 g4 40. Rxd5 g3 41. hxg3 Rxg3+ 42. Kf2 Rg4 43. Rd6 Rg8 44.
Ra6 Ra8 45. Kg3 {Black resigns} 1-0

[Event "ICC tourney 2156 (40 10)"]
[Site "Internet Chess Club"]
[Date "2020.11.22"]
[Round "2"]
[White "coolsportsguy"]
[Black "Chesssaga"]
[Result "1-0"]
[ICCResult "Black resigns"]
[WhiteElo "2329"]
[BlackElo "1981"]
[Opening "Queen's pawn: London system"]
[ECO "A45"]
[NIC "QP.07"]
[Time "13:18:08"]
[TimeControl "2400+10"]

1. d4 Nf6 2. Bf4 d5 3. e3 e6 4. Nd2 c5 5. c3 Nc6 6. Ngf3 Be7 7. Bd3 O-O 8.
Ne5 Re8 9. h4 Bd6 10. h5 Qc7 11. Bb5 Bd7 12. Bxc6 Bxc6 13. h6 g6 14. Qf3 Ne4
15. Nxe4 dxe4 16. Qg3 Bxe5 17. Bxe5 Qe7 18. Bd6 Qf6 19. Bxc5 e5 20. dxe5
Qxe5 21. Qxe5 Rxe5 22. Bd4 Re6 23. O-O-O Bb5 24. Rd2 Bd3 25. f4 f5 26. Rg1
Ra6 27. b3 Rf8 28. Kb2 Re6 29. c4 a6 30. g3 Kf7 31. Rc1 Ke8 32. Rg2 Kf7 33.
Rcg1 Ke8 34. g4 Rf7 35. gxf5 Rxf5 36. Rg5 Rf7 37. Bg7 Kd7 38. Rd5+ Kc6 39.
Rgg5 Rd6 40. Rxd6+ Kxd6 41. Rxg6+ Kc7 42. Be5+ Kd7 43. Rd6+ Kc8 44. Kc3 b5
45. c5 Kb7 46. Kb4 Rc7 47. Rb6+ Ka7 48. Bxc7 {Black resigns} 1-0

[Event "ICC tourney 2156 (40 10)"]
[Site "Internet Chess Club"]
[Date "2020.11.22"]
[Round "2"]
[White "che2468"]
[Black "AJ2000"]
[Result "1-0"]
[ICCResult "Black forfeits on time"]
[WhiteElo "1478"]
[BlackElo "1632"]
[Opening "Queen's pawn game"]
[ECO "D00"]
[NIC "QP.07"]
[Time "13:18:15"]
[TimeControl "2400+10"]

1. d4 Nf6 2. Nc3 d5 3. Bf4 g6 4. e3 Bg7 5. Nf3 c5 6. Be2 O-O 7. O-O Nc6 8.
dxc5 Qa5 9. Nxd5 Nxd5 10. Qxd5 Be6 11. Qd3 Rfd8 12. Qb5 Qxb5 13. Bxb5 Bxb2
14. Rad1 Bxa2 15. Bxc6 bxc6 16. Nd4 Bc4 17. Nxc6 Re8 18. Rd7 Bxf1 19. Kxf1
e5 20. Ne7+ Kh8 21. Bg5 e4 22. c6 f6 23. Bh4 g5 24. Bg3 Ba3 25. Nd5 Rf8 26.
c7 Bc5 27. Nxf6 Rxf6 28. Be5 Kg8 29. Bxf6 Rf8 30. Rd8 {Black forfeits on
time} 1-0

[Event "ICC tourney 2156 (40 10)"]
[Site "Internet Chess Club"]
[Date "2020.11.22"]
[Round "2"]
[White "Openyagami"]
[Black "xyzchessdude"]
[Result "1-0"]
[ICCResult "Black resigns"]
[WhiteElo "2594"]
[BlackElo "2006"]
[Opening "English: symmetrical variation"]
[ECO "A30"]
[NIC "EO.34"]
[Time "13:18:02"]
[TimeControl "2400+10"]

1. c4 c5 2. Nf3 Nc6 3. Nc3 g6 4. e3 Nf6 5. d4 cxd4 6. exd4 d5 7. cxd5 Nxd5
8. Bc4 Nxc3 9. Qb3 e6 10. bxc3 Bg7 11. Ba3 Ne7 12. Qb4 Bf6 13. Ne5 a5 14.
Qb5+ Kf8 15. O-O Qe8 16. Qc5 h5 17. Rab1 Kg7 18. Rb6 Nf5 19. Qb5 Bd8 20.
Qxe8 Rxe8 21. Rb2 Be7 22. Bxe7 Rxe7 23. Rfb1 Rc7 24. Bd3 Rxc3 25. Bxf5 gxf5
26. h4 Rc7 27. Rb3 Ra6 28. Rg3+ Kf8 29. Rg5 Rd6 30. Rxh5 Rxd4 31. Nf3 Rg4
32. Rd1 Rgc4 33. Rh8+ Ke7 34. h5 Bd7 35. h6 Rc8 36. Rh7 Rc1 37. Rxc1 Rxc1+
38. Kh2 Kf6 39. Rh8 Rc8 40. Rxc8 Bxc8 41. Ne5 b5 42. f3 b4 43. g4 fxg4 44.
fxg4 a4 45. g5+ Kxg5 46. h7 f6 47. h8=Q b3 48. Nf3+ Kg6 49. Qxc8 {Black
resigns} 1-0

[Event "ICC tourney 2156 (40 10)"]
[Site "Internet Chess Club"]
[Date "2020.11.22"]
[Round "2"]
[White "jy2020"]
[Black "aquilesboy"]
[Result "1-0"]
[ICCResult "Black resigns"]
[WhiteElo "2224"]
[BlackElo "1956"]
[Opening "Sicilian: Taimanov (Bastrikov) variation"]
[ECO "B47"]
[NIC "SI.40"]
[Time "13:17:57"]
[TimeControl "2400+10"]

1. e4 c5 2. Nf3 e6 3. d4 cxd4 4. Nxd4 Nc6 5. Nc3 Qc7 6. g3 a6 7. Bg2 Nf6 8.
O-O Nxd4 9. Qxd4 Bc5 10. Bf4 d6 11. Qd3 e5 12. Be3 Be6 13. a4 Bxe3 14. Qxe3
O-O 15. Rfd1 Rac8 16. h3 Rfd8 17. f4 Qc5 18. Kf2 Qb4 19. Rab1 exf4 20. gxf4
d5 21. Rd4 Rc4 22. Rxc4 Qxc4 23. exd5 Bf5 24. Re1 h6 25. Qd2 Nh5 26. Be4
Bxh3 27. Rh1 Qc5+ 28. Qe3 Qxe3+ 29. Kxe3 Bg4 30. f5 Ng3 31. Rg1 Nxf5+ 32.
Kf4 Ne7 33. Kxg4 g6 34. Kf4 Kg7 35. Rd1 Nc8 36. Bg2 Nd6 37. Ne4 g5+ 38. Kg3
Nc4 39. Rd4 Nxb2 40. Nc5 b5 41. axb5 axb5 42. d6 Nc4 43. Nb7 Nxd6 44. Nxd6
Ra8 45. Bxa8 {Black resigns} 1-0

[Event "ICC tourney 2156 (40 10)"]
[Site "Internet Chess Club"]
[Date "2020.11.22"]
[Round "2"]
[White "Leolix"]
[Black "MrNormalName"]
[Result "0-1"]
[ICCResult "White resigns"]
[WhiteElo "1940"]
[BlackElo "2183"]
[Opening "Queen's pawn: London system"]
[ECO "A45"]
[NIC "QP.07"]
[Time "13:18:48"]
[TimeControl "2400+10"]

1. d4 Nf6 2. Bf4 d5 3. e3 c5 4. c3 Nc6 5. Nd2 e6 6. Ngf3 Bd6 7. Bg3 O-O 8.
Bd3 b6 9. Qe2 Bb7 10. Rd1 Qe7 11. Ne5 Qc7 12. f4 Ne7 13. Bh4 Ne4 14. g4 Nxd2
15. Rxd2 cxd4 16. exd4 f6 17. Kd1 g5 18. Bf2 fxe5 19. fxe5 Bxe5 20. Qxe5
Qxe5 21. dxe5 d4 22. Re1 Bf3+ 23. Be2 dxc3 24. bxc3 Nd5 25. Bxf3 Nxc3+ 26.
Kc2 Rxf3 27. Be3 Rc8 28. Kb2 h6 29. Rd6 Rh3 30. Rxe6 Rxe3 31. Rxe3 Nd1+ 32.
Kb3 Nxe3 33. Rxh6 Kg7 34. Rh5 Kg6 35. h4 gxh4 36. Rxh4 Re8 37. g5 Rxe5 38.
Rd4 Rb5+ 39. Kc3 Nd5+ 40. Kc4 Rc5+ 41. Kb3 Kxg5 42. Rd2 Kf6 43. Rh2 Ke6 44.
Rh7 Rc7 45. Rh6+ Kd7 46. Rg6 Kc8 47. Rg5 Ne7 48. Rh5 Kb7 49. Rg5 Nc6 50. Rh5
a6 51. Rg5 b5 52. Rh5 Kb6 53. Rg5 a5 54. Rh5 Nd4+ 55. Kb2 Rc2+ 56. Kb1 Rc5
57. Rh6+ Nc6 58. Kb2 b4 59. Kb3 Rc3+ 60. Kb2 Kb5 61. Rh5+ Rc5 62. Rh4 a4 63.
Rg4 Ne5 64. Rd4 Nc4+ 65. Ka1 Rh5 66. Rd1 Ne3 67. Rc1 Nd5 68. a3 bxa3 69. Rc8
Rh1+ 70. Ka2 Nb4+ 71. Kxa3 Rh3+ 72. Kb2 a3+ 73. Kc1 a2 74. Kb2 Rh2+ 75. Kb3
a1=N+ 76. Kc3 Rc2+ 77. Kd4 Rxc8 {White resigns} 0-1

[Event "ICC tourney 2156 (40 10)"]
[Site "Internet Chess Club"]
[Date "2020.11.22"]
[Round "2"]
[White "runtilmorrow1"]
[Black "espark"]
[Result "0-1"]
[ICCResult "White checkmated"]
[WhiteElo "1960"]
[BlackElo "2331"]
[Opening "Robatsch (modern) defense"]
[ECO "B06"]
[NIC "KF.05"]
[Time "13:18:01"]
[TimeControl "2400+10"]

1. e4 g6 2. d4 Bg7 3. Bc4 d6 4. Nf3 Nf6 5. Nc3 O-O 6. h3 Nxe4 7. Nxe4 d5 8.
Bd3 dxe4 9. Bxe4 c5 10. dxc5 Qa5+ 11. c3 Qxc5 12. O-O Qc7 13. Qb3 Nd7 14.
Be3 Nf6 15. Bc2 Be6 16. Qa3 Bd5 17. Nd4 a6 18. Rfe1 Rfe8 19. Rad1 e5 20. Ne2
Bf8 21. Qa4 Bc4 22. Bb1 b5 23. Qc2 Bg7 24. Ng3 Bd5 25. Bg5 Bb7 26. Bxf6 Bxf6
27. Ne4 Be7 28. Qe2 f5 29. Ng3 Bc5 30. b4 Bb6 31. a3 Qxc3 32. Rd6 Qxg3 33.
Ba2+ Kh8 34. Qf1 Ba7 35. Rd7 Qxa3 36. Bf7 Bc6 37. Bxe8 Bxd7 38. Bxd7 Bd4 39.
Rc1 Qxb4 40. Qe2 Qd6 41. Bc8 Rb8 42. Qa2 Kg7 43. Qxa6 Bxf2+ 44. Kh1 Qxa6 45.
Bxa6 Rb6 46. Bc8 b4 47. Bd7 b3 48. Rb1 b2 49. Ba4 e4 50. g4 Be3 51. Kg2 Bc1
52. Kf2 Kf6 53. gxf5 gxf5 54. h4 f4 55. h5 Kf5 56. h6 Rxh6 57. Ke2 f3+ 58.
Kf2 Rh2+ 59. Kg3 Rg2+ 60. Kh3 e3 61. Bd7+ Kf4 62. Bb5 e2 63. Bxe2 Rxe2 64.
Ra1 bxa1=N 65. Kh4 Rh2# {White checkmated} 0-1

[Event "ICC tourney 2156 (40 10)"]
[Site "Internet Chess Club"]
[Date "2020.11.22"]
[Round "2"]
[White "andrewf2009"]
[Black "mnm2"]
[Result "0-1"]
[ICCResult "White resigns"]
[WhiteElo "1693"]
[BlackElo "1521"]
[Opening "Sicilian"]
[ECO "B56"]
[NIC "SI.25"]
[Time "13:18:06"]
[TimeControl "2400+10"]

1. e4 c5 2. Nf3 d6 3. d4 cxd4 4. Nxd4 Nf6 5. Nc3 Nc6 6. f3 e5 7. Nb3 Be7 8.
Be3 Be6 9. Qd2 d5 10. exd5 Nxd5 11. O-O-O Nf6 12. Qf2 Qc7 13. g4 O-O 14. h4
a5 15. Bb6 Qc8 16. h5 Nd7 17. Be3 a4 18. Nd2 a3 19. b3 Nb4 20. Ndb1 Nc5 21.
Bg2 Nxa2+ 22. Kd2 Nb4 23. Ke2 a2 24. Nd2 Nxc2 {White resigns} 0-1

[Event "ICC tourney 2156 (40 10)"]
[Site "Internet Chess Club"]
[Date "2020.11.22"]
[Round "2"]
[White "town"]
[Black "JunlinTheWorld"]
[Result "1-0"]
[ICCResult "Black checkmated"]
[WhiteElo "2133"]
[BlackElo "1831"]
[Opening "Sicilian: dragon, Yugoslav attack, 10.O-O-O"]
[ECO "B78"]
[NIC "SI.18"]
[Time "13:18:18"]
[TimeControl "2400+10"]

1. e4 c5 2. Nf3 d6 3. d4 cxd4 4. Nxd4 Nf6 5. Nc3 g6 6. Be3 Bg7 7. f3 O-O 8.
Qd2 Nc6 9. Bc4 Bd7 10. O-O-O Rc8 11. Bb3 Ne5 12. Kb1 Nc4 13. Bxc4 Rxc4 14.
g4 Qc7 15. g5 Nh5 16. Nd5 Qd8 17. Ne2 Be6 18. Ng3 Bxd5 19. Qxd5 Qc7 20. Nxh5
gxh5 21. Qd2 Rc8 22. Rc1 b5 23. a3 a5 24. c3 Qb8 25. Qe2 Qb7 26. Rhd1 Qc6
27. Qd2 Qd7 28. h4 Qh3 29. Qe2 Qd7 30. Bd4 Qc6 31. b3 Rc5 32. Bxc5 Qxc5 33.
Ka2 e6 34. Qd3 Rc6 35. Rc2 b4 36. c4 bxa3 37. f4 a4 38. bxa4 Bb2 39. Rdd2
Qg1 40. Rd1 Qa7 41. e5 Qxa4 42. Rdd2 d5 43. cxd5 Rxc2 44. Rxc2 exd5 45. f5
Qe4 46. Rc8+ Kg7 47. Qxe4 dxe4 48. e6 fxe6 49. fxe6 Bf6 50. gxf6+ Kxf6 51.
Rc4 Kxe6 52. Rxe4+ Kf5 53. Ra4 h6 54. Kxa3 Ke5 55. Kb3 Kf5 56. Kc3 Ke5 57.
Ra5+ Kf6 58. Rxh5 Kg6 59. Ra5 Kf6 60. h5 Kf7 61. Kd4 Kf6 62. Ke4 Kf7 63. Kf5
Kg7 64. Ra7+ Kg8 65. Kf6 Kh8 66. Kg6 Kg8 67. Ra8# {Black checkmated} 1-0

[Event "ICC tourney 2156 (40 10)"]
[Site "Internet Chess Club"]
[Date "2020.11.22"]
[Round "2"]
[White "HR2005"]
[Black "eigenator"]
[Result "1-0"]
[ICCResult "Black resigns"]
[WhiteElo "2023"]
[BlackElo "2181"]
[Opening "Ruy Lopez: Anderssen variation"]
[ECO "C77"]
[NIC "RL.12"]
[Time "13:17:52"]
[TimeControl "2400+10"]

1. e4 e5 2. Nf3 Nc6 3. Bb5 a6 4. Ba4 Nf6 5. d3 b5 6. Bb3 Be7 7. a4 b4 8.
Nbd2 O-O 9. Nc4 d6 10. h3 Nd7 11. Ne3 Na5 12. Ba2 Nc5 13. Bd2 Rb8 14. Nd5
Nc6 15. Bc4 b3 16. cxb3 Be6 17. O-O Kh8 18. Bc3 Bf6 19. Rc1 Qd7 20. Re1 Ne7
21. Nxe7 Bxe7 22. Bxe6 fxe6 23. d4 Nxb3 24. Rc2 exd4 25. Nxd4 Nxd4 26. Qxd4
e5 27. Qc4 Bh4 28. Ba5 Rbc8 29. Bc3 Rf6 30. Rd1 Rcf8 31. Be1 Rg6 32. Kh2 Bd8
33. Qxa6 Qf7 34. Qd3 Qf4+ 35. Kh1 d5 36. Bb4 Rff6 37. Qb5 h6 38. f3 Kh7 39.
Qe8 Rg3 40. Qxd8 dxe4 41. Be1 Rg5 42. Bd2 e3 43. Qd3+ Rgg6 44. Bxe3 Qg3 45.
Qe4 c5 46. Bxc5 Rf4 47. Qxe5 Rg5 48. Qe1 Rxf3 49. Qxg3 Rfxg3 50. b4
{Black resigns}
1-0

[Event "ICC tourney 2156 (40 10)"]
[Site "Internet Chess Club"]
[Date "2020.11.22"]
[Round "2"]
[White "tricksterssbu"]
[Black "mnm1"]
[Result "0-1"]
[ICCResult "White forfeits on time"]
[WhiteElo "1667"]
[BlackElo "1496"]
[Opening "Sicilian"]
[ECO "B56"]
[NIC "SI.25"]
[Time "13:18:08"]
[TimeControl "2400+10"]

1. e4 c5 2. Nf3 d6 3. d4 cxd4 4. Nxd4 Nf6 5. Nc3 Nc6 6. f3 e5 7. Nb3 Be6 8.
Nd5 Bxd5 9. exd5 Ne7 10. Bb5+ Nd7 11. Be3 a6 12. Be2 Nf6 13. c4 Nf5 14. Bf2
Be7 15. g4 Nxg4 16. fxg4 Nh6 17. O-O f5 18. h3 O-O 19. Be3 Bg5 20. Qd2 f4
21. Bf2 f3 22. Qd3 fxe2 23. Qxe2 Nf7 24. Nd2 Bf4 25. Nf3 Ng5 26. Nxg5 Qxg5
27. Qe4 Rf7 28. b3 Raf8 29. Qg2 Qe7 30. Qe4 Rf6 31. Rad1 Rh6 32. Rd3 Qg5 33.
Kg2 Rg6 34. b4 h5 35. Qe2 hxg4 36. hxg4 Qxg4+ 37. Qxg4 Rxg4+ 38. Kh1 Kf7 39.
Rh3 Kg8 40. Rg1 Rxg1+ 41. Kxg1 Bd2 42. a3 Rf4 43. Rd3 Rg4+ 44. Kf1 Bf4 45.
c5 e4 46. Rb3 Kf7 47. c6 bxc6 48. dxc6 d5 49. Bb6 Rh4 50. a4 Rh1+ 51. Kg2
Rc1 52. b5 axb5 53. axb5 Ke6 54. Bd4 g5 55. Rh3 Rc4 56. Rh6+ Ke7 57. Ba7 d4
58. b6 d3 59. b7 d2 60. Rh1 Rxc6 61. b8=Q Bxb8 62. Bxb8 Rc1 63. Rh7+ Ke6 64.
Rh6+ Kf5 {White forfeits on time} 0-1

[Event "ICC tourney 2156 (40 10)"]
[Site "Internet Chess Club"]
[Date "2020.11.22"]
[Round "3"]
[White "eigenator"]
[Black "Sahabangs"]
[Result "1-0"]
[ICCResult "Black resigns"]
[WhiteElo "2184"]
[BlackElo "1825"]
[Opening "QGD: classical variation (5.Bf4)"]
[ECO "D37"]
[NIC "QO.16"]
[Time "15:34:05"]
[TimeControl "2400+10"]

1. d4 d5 2. c4 e6 3. Nc3 Nf6 4. Nf3 Be7 5. Bf4 a6 6. cxd5 Nxd5 7. Bg3 O-O 8.
e4 Nf6 9. Bd3 Nbd7 10. e5 Nh5 11. Nd2 g6 12. Nde4 Ng7 13. Bc2 c5 14. d5 exd5
15. Nxd5 b5 16. O-O Bb7 17. Nxe7+ Qxe7 18. Qxd7 Qxd7 19. Nf6+ Kh8 20. Nxd7
Rfd8 21. Nxc5 Bc6 22. Rfd1 Re8 23. Rd6 Rac8 24. b4 a5 25. a3 axb4 26. axb4
Red8 27. Bh4 {Black resigns} 1-0

[Event "ICC tourney 2156 (40 10)"]
[Site "Internet Chess Club"]
[Date "2020.11.22"]
[Round "3"]
[White "chessKingR"]
[Black "GutsyEdge"]
[Result "1-0"]
[ICCResult "Black resigns"]
[WhiteElo "1850"]
[BlackElo "2007"]
[Opening "Grünfeld: exchange, Spassky variation"]
[ECO "D87"]
[NIC "GI.05"]
[Time "15:34:09"]
[TimeControl "2400+10"]

1. d4 Nf6 2. c4 g6 3. Nc3 d5 4. cxd5 Nxd5 5. e4 Nxc3 6. bxc3 Bg7 7. Bc4 O-O
8. Ne2 c5 9. Be3 b6 10. Bd5 cxd4 11. cxd4 e6 12. Bxa8 Ba6 13. O-O Qc7 14.
Rc1 Bc4 15. Bf4 Bxe2 16. Bxc7 Bxd1 17. Rfxd1 Na6 18. Bb7 Nb4 19. Bd6
{Black resigns}
1-0

[Event "ICC tourney 2156 (40 10)"]
[Site "Internet Chess Club"]
[Date "2020.11.22"]
[Round "3"]
[White "Frankiechess11"]
[Black "Ananya22609"]
[Result "1-0"]
[ICCResult "Black checkmated"]
[WhiteElo "1706"]
[BlackElo "1575"]
[Opening "Benko's opening"]
[ECO "A00"]
[NIC "VO.09"]
[Time "15:34:11"]
[TimeControl "2400+10"]

1. g3 d5 2. Bg2 c5 3. d4 Nf6 4. c4 e6 5. cxd5 exd5 6. dxc5 Bxc5 7. Nf3 O-O
8. O-O Nc6 9. Nc3 Bf5 10. Bg5 d4 11. Bxf6 Qxf6 12. Nd5 Qd6 13. Nd2 Ne5 14.
Nb3 d3 15. Nxc5 Qxc5 16. exd3 Nxd3 17. Qb3 Rfe8 18. Rad1 Re2 19. Rxd3 Bxd3
20. Qxd3 Rxb2 21. Qf5 Qd6 22. Re1 g6 23. Qg4 Qc5 24. Qf4 Qa5 25. Qe5 Qd2 26.
Ne7+ Kf8 27. Qh8# {Black checkmated} 1-0

[Event "ICC tourney 2156 (40 10)"]
[Site "Internet Chess Club"]
[Date "2020.11.22"]
[Round "3"]
[White "xyzchessdude"]
[Black "che2468"]
[Result "1-0"]
[ICCResult "Black checkmated"]
[WhiteElo "2007"]
[BlackElo "1477"]
[Opening "Réti opening"]
[ECO "A09"]
[NIC "QP.09"]
[Time "15:34:16"]
[TimeControl "2400+10"]

1. Nf3 d5 2. c4 Nf6 3. cxd5 Nxd5 4. d4 Bf5 5. Nc3 Nxc3 6. bxc3 Nc6 7. Qb3 b6
8. e3 e6 9. Bb5 Be4 10. Ne5 Qd6 11. Qa4 Rd8 12. Bxc6+ Bxc6 13. Qxc6+ Qxc6
14. Nxc6 Rd5 15. Ke2 Be7 16. c4 Rg5 17. g3 a5 18. Nxe7 Kxe7 19. e4 Rg6 20.
Rd1 f5 21. e5 Rd8 22. h4 Rg4 23. Bg5+ Rxg5 24. hxg5 g6 25. f4 c6 26. Ke3 b5
27. cxb5 cxb5 28. Rac1 Rd7 29. Rc5 Rb7 30. d5 exd5 31. Rdxd5 b4 32. Rxa5 b3
33. axb3 Rxb3+ 34. Rd3 Rb7 35. Rda3 Ke6 36. Ra6+ Kd5 37. Rc3 Re7 38. Rd6#
{Black checkmated}
1-0

[Event "ICC tourney 2156 (40 10)"]
[Site "Internet Chess Club"]
[Date "2020.11.22"]
[Round "3"]
[White "KittiesRock18"]
[Black "HR2005"]
[Result "0-1"]
[ICCResult "White checkmated"]
[WhiteElo "1815"]
[BlackElo "2031"]
[Opening "Sicilian: Najdorf, Lipnitzky attack"]
[ECO "B86"]
[NIC "SI.13"]
[Time "15:34:16"]
[TimeControl "2400+10"]

1. e4 c5 2. Nf3 d6 3. d4 cxd4 4. Nxd4 Nf6 5. Nc3 a6 6. Bc4 e6 7. a4 Qc7 8.
Qe2 Nc6 9. Nxc6 bxc6 10. O-O Be7 11. Bg5 O-O 12. Rad1 d5 13. exd5 cxd5 14.
Bd3 Rb8 15. Rb1 Rb4 16. Qf3 h6 17. Bd2 e5 18. Nxd5 Nxd5 19. Qxd5 Bb7 20. Qa2
Rg4 21. f3 Bc5+ 22. Kh1 Rh4 23. g3 e4 24. gxh4 exf3 25. Qc4 Re8 26. Rbe1 f2+
27. Re4 Qc6 28. Kg2 Qg6+ 29. Kf3 Qf5+ 30. Bf4 g5 31. hxg5 hxg5 32. Ke2 Bxe4
33. Kd2 Qxf4+ 34. Kc3 Qe5+ 35. Kb3 Bd5 36. Ka2 Bxc4+ 37. Bxc4 Rb8 38. Rb1
Qd4 39. Bb3 Rb4 40. c3 Rxa4+ 41. Bxa4 Qxa4# {White checkmated} 0-1